 Dungeon Crawl Stone Soup version 0.18.1-50-g88ac8fd (webtiles) character file.

609 Iflex the Poker (level 7, -1/53 HPs)
             Began as a Merfolk Gladiator on Oct 2, 2016.
             Was a Follower of Okawaru.
             Killed by nerve-wracking pain
             ... invoked by Grinder
              (14 damage)
             ... on level 5 of the Dungeon.
             The game lasted 00:13:36 (3825 turns).

Iflex the Poker (Merfolk Gladiator)                 Turns: 3825, Time: 00:13:37

Health: -1/53      AC:  6    Str: 16      XL:     7   Next: 43%
Magic:  7/7        EV: 15    Int: 12 (13) God:    Okawaru [*.....]
Gold:   197        SH:  0    Dex: 14 (16) Spells: 0 memorised, 6 levels left

rFire  . . .     SeeInvis .     r - +1 spear (vamp)
rCold  . . .     Gourm    .     b - +0 leather armour
rNeg   . . .     Faith    .     (no shield)
rPois  .         Spirit   .     E - +0 helmet {Int+3}
rElec  .         Dismiss  .     (no cloak)
rCorr  .         Reflect  .     (no gloves)
SustAt .         Harm     .     p - +0 pair of boots
MR     .....                    (no amulet)
Stlth  ++........               k - +1 ring of protection
                                q - +3 ring of intelligence

@: not resistant to hostile enchantments, unstealthy
A: change form in water, swift swim
a: Heroism, Renounce Religion


You were on level 5 of the Dungeon.
You worshipped Okawaru.
Okawaru was aware of your devotion.
You were full.

You visited 1 branch of the dungeon, and saw 5 of its levels.

You collected 197 gold pieces.

Inventory:

Hand Weapons
 a - a +0 trident
 r - a +1 vampiric spear (weapon)
Missiles
 d - a throwing net (quivered)
Armour
 b - a +0 leather armour (worn)
 c - a +0 helmet
 e - a +0 robe
 p - a +0 pair of boots (worn)
 E - a +0 helmet of intelligence (worn)
Jewellery
 k - a +1 ring of protection (right hand)
 q - a +3 ring of intelligence (left hand)
 x - an uncursed ring of ice
Wands
 s - a wand of paralysis (0/24)
 D - a wand of flame (34/48)
Scrolls
 g - a scroll of teleportation {unknown}
 j - 3 scrolls of enchant weapon
 m - a scroll of noise
 o - 2 scrolls of identify
 t - a scroll of remove curse
 u - a scroll of random uselessness {unknown}
 y - a scroll of fear {unknown}
 z - a scroll of blinking {unknown}
 B - a scroll of amnesia {unknown}
Potions
 i - a potion of beneficial mutation {unknown}
 l - 2 potions of degeneration
 n - a potion of resistance
 v - a potion of mutation {unknown}
 w - a potion of might {unknown}
 A - a potion of brilliance {unknown}
 C - a potion of cure mutation {unknown}
 F - a potion of berserk rage {unknown}
Comestibles
 f - a bread ration


   Skills:
 + Level 3.8 Fighting
 + Level 6.7 Polearms
 + Level 2.6 Throwing
 + Level 2.3 Armour
 + Level 6.5 Dodging
 + Level 3.0 Stealth
 + Level 0.2 Evocations


You had 6 spell levels left.
You didn't know any spells.

Dungeon Overview and Level Annotations

Branches:
Dungeon (5/15)
 Temple: D:4-7

Altars:
Cheibriados
Dithmenos
Gozag
Kikubaaqudgha
Okawaru

Annotations:
D:5 Grinder


Message History

Grinder is severely wounded.
You hit Grinder.
Grinder is severely wounded.
Grinder gestures at you.
You suddenly lose the ability to move!
Grinder hits you.
You writhe in agony. x2
Grinder gestures at you.
You struggle to resist.
Grinder hits you!
You writhe in agony.
Grinder hits you.
You writhe in agony.
* * * LOW HITPOINT WARNING * * *
Grinder gestures at you. Pain shoots through your body!
* * * LOW HITPOINT WARNING * * *
Grinder hits you but does no damage.
You can move again.
You feel better. Grinder gestures at you. Pain shoots through your body!
You die...

... #.. #.# #.#
# #!#.# #.#.#
###########...#
#.......†.5@(#
##..#######.#.#
#.....# #.#.#
#...#.#####.#.#
#........##.#.#
#..##.##.##.#.#
#.....##.##.#.#
##.####...#.#.#
#......#...#


You could see Grinder.

Vanquished Creatures
  2 phantoms
  A giant frog (D:3)
  2 scorpions (D:4)
  A crimson imp (D:5)
  A hound (D:4)
  2 worker ants (D:4)
  A killer bee zombie (D:5)
  3 adders
  An ooze (D:4)
  An adder skeleton (D:4)
  2 worms
  2 dart slugs
  The ghost of Charly the Sneak, a weakling SpEn (D:5)
  4 giant geckos
  An orc (D:3)
  A ball python (D:3)
  5 giant cockroaches
  7 goblins
  7 hobgoblins
  8 jackals
  A quokka (D:2)
  5 bats
  6 giant newts
  9 kobolds
  A quokka skeleton (D:4)
  11 rats
86 creatures vanquished.

Notes
Turn   | Place    | Note
--------------------------------------------------------------
     0 | D:1      | Iflex the Merfolk Gladiator began the quest for the Orb.
     0 | D:1      | Reached XP level 1. HP: 16/16 MP: 1/1
    13 | D:1      | Noticed an electric eel
   236 | D:1      | Reached XP level 2. HP: 11/23 MP: 2/2
   525 | D:1      | Reached skill level 5 in Polearms
   614 | D:1      | Reached XP level 3. HP: 24/28 MP: 3/3
   826 | D:2      | Found an opulent altar of Gozag.
  1248 | D:2      | Reached skill level 5 in Dodging
  1317 | D:2      | Reached XP level 4. HP: 20/34 MP: 4/4
  1659 | D:3      | Found a snail-covered altar of Cheibriados.
  1662 | D:3      | Found a shadowy altar of Dithmenos.
  1665 | D:3      | Found an iron altar of Okawaru.
  1668 | D:3      | Found an ancient bone altar of Kikubaaqudgha.
  1674 | D:3      | Became a worshipper of Warmaster Okawaru
  2060 | D:3      | Noticed a giant frog
  2075 | D:3      | Killed a giant frog
  2075 | D:3      | Reached skill level 1 in Armour
  2075 | D:3      | Reached skill level 1 in Stealth
  2075 | D:3      | Reached XP level 5. HP: 40/41 MP: 5/5
  2387 | D:4      | Noticed a phantom
  2458 | D:4      | HP: 2/41 [phantom (2)]
  2504 | D:4      | Killed a phantom
  2504 | D:4      | Reached XP level 6. HP: 26/47 MP: 6/6
  3214 | D:4      | Reached XP level 7. HP: 52/52 MP: 7/7
  3378 | D:5      | Entered Level 5 of the Dungeon
  3440 | D:5      | Reached * piety under Okawaru
  3569 | D:5      | Noticed Charly's ghost (weakling SpEn)
  3587 | D:5      | Killed Charly's ghost
  3775 | D:5      | Noticed Grinder
  3818 | D:5      | Paralysed by Grinder for 6 turns
  3825 | D:5      | Killed from afar by Grinder

Skill      XL: |  1  2  3  4  5  6  7 |
---------------+----------------------+-----
Polearms       | 5 6 |  6.7
Dodging        | 5 6 |  6.5
Fighting       | 3 |  3.8
Armour         | 1 2 |  2.3
Stealth        | 1 2 3 |  3.0
Throwing       | |  2.6
Evocations     | |  0.2

Action                   |  1- 3 |  4- 6 |  7- 9 || total
-------------------------+-------+-------+-------++-------
Melee: Trident           |   118 |       |       ||   118
       Spear             |    19 |   248 |   116 ||   383
Throw: Throwing net      |     1 |    14 |     3 ||    18
Evoke: Wand              |       |     1 |       ||     1
  Use: Scroll            |       |     3 |     2 ||     5
       Potion            |       |     3 |     1 ||     4
 Stab: Sleeping          |     4 |     3 |       ||     7
       Held in net/web   |       |     5 |       ||     5
       Distracted        |       |     1 |     1 ||     2
  Eat: Fruit             |     5 |     1 |       ||     6
       Chunk             |     1 |     3 |       ||     4
       Bread ration      |       |     2 |       ||     2
       Pizza             |       |     1 |       ||     1
Armor: Leather armour    |    23 |    31 |    17 ||    71
Dodge: Dodged            |    74 |   138 |    40 ||   252
